 Dungeon Crawl Stone Soup version 0.30-a0-739-gea05faddec (webtiles) character file.

Game seed: 2395772010992898469

98 ASSMAN the Slasher (level 4, -6/34 HPs)
             Began as a Barachi Warper on Feb 5, 2023.
             Mangled by an ice beast (9 damage)
             ... on level 3 of the Dungeon.
             The game lasted 00:04:14 (2529 turns).

ASSMAN the Slasher (Barachi Warper)                 Turns: 2529, Time: 00:04:15

Health: -6/34      AC:  4    Str: 13    XL:     4   Next: 71%
Magic:  7/7        EV: 11    Int: 15    God:
Gold:   188        SH:  0    Dex: 11    Spells: 7/7 levels left

rFire   . . .      SeeInvis .    a - +0 falchion
rCold   . . .      Faith    .    (no shield)
rNeg    . . .      Spirit   .    b - +0 leather armour
rPois   .          Reflect  .    e - +0 helmet
rElec   .          Harm     .    (no cloak)
rCorr   .          Rampage  .    (no gloves)
Will    .....                    (no boots)
Stlth   +                        (no amulet)
HPRegen 0.25/turn                (no ring)
MPRegen 0.10/turn                (no ring)

@: slow
A: amphibious, slowness 1, strong legs 1, +LOS
a: Hop


You were on level 3 of the Dungeon.
You visited 1 branch of the dungeon, and saw 3 of its levels.

You collected 188 gold pieces.

Inventory:

Hand Weapons
 a - a +0 falchion (weapon)
Missiles
 d - a boomerang of dispersal (quivered)
Armour
 b - a +0 leather armour (worn)
 e - a +0 helmet (worn)
Jewellery
 j - a +6 ring of strength
Wands
 m - a wand of mindburst (11)
Scrolls
 c - 2 scrolls of blinking
 f - a scroll of vulnerability {unknown}
 g - a scroll of brand weapon {unknown}
 i - 2 scrolls of identify {unknown}
 l - a scroll of noise {unknown}
Potions
 h - a potion of heal wounds {unknown}
 n - 2 potions of degeneration {unknown}
 o - a potion of lignification {unknown}
 p - 2 potions of curing {unknown}


   Skills:
 - Level 2.4 Fighting
 + Level 5.7 Long Blades
 - Level 1.0 Throwing
 - Level 1.2 Armour
 - Level 2.1 Dodging
 - Level 2.1 Spellcasting
 - Level 3.2 Translocations


You had 7 spell levels left.
You didn't know any spells.
Your spell library contained the following spells:

 Spells                   Type           Power      Damage    Failure   Level
 Apportation              Tloc           22%        N/A       7%          1
 Blink                    Tloc           22%        N/A       11%         2
 Lesser Beckoning         Tloc           22%        N/A       11%         2
 Teleport Other           Tloc           11%        N/A       22%         3
 Necrotise                Necr           4%         1d4       28%         1
 Summon Small Mammal      Summ           4%         N/A       28%         1
 Vhi's Electric Charge    Tloc/Air       12%        N/A       38%         3
 Manifold Assault         Tloc           11%        N/A       56%         4


Dungeon Overview and Level Annotations

Branches:
Dungeon (3/15)

Altars:

Shops:
D:2 ([


Innate Abilities, Weirdness & Mutations

You are amphibious.
You cover ground slowly.
You can hop short distances.
You have an extended range of vision and can be seen from far away.


Message History

The boomerang of dispersal hits the ice beast but does no damage.
The ice beast closely misses you.
Throw: 6 boomerangs (disperse)
Press: ? - help, Q - select action, (/) - cycle Shift-Dir - straight line, f/p - ice beast
Aim: an ice beast (56% to hit)
You throw a boomerang of dispersal.
The boomerang of dispersal barely misses the ice beast.
The ice beast hits you but does no damage.
Throw: 5 boomerangs (disperse)
Press: ? - help, Q - select action, (/) - cycle Shift-Dir - straight line, f/p - ice beast
Aim: an ice beast (56% to hit)
You throw a boomerang of dispersal.
The boomerang of dispersal barely misses the ice beast.
The ice beast hits you but does no damage.
The ice beast barely misses you.
Throw: 4 boomerangs (disperse)
Press: ? - help, Q - select action, (/) - cycle Shift-Dir - straight line, f/p - ice beast
Aim: an ice beast (56% to hit)
You throw a boomerang of dispersal.
The boomerang of dispersal barely misses the ice beast.
The ice beast barely misses you.
Throw: 3 boomerangs (disperse)
Press: ? - help, Q - select action, (/) - cycle Shift-Dir - straight line, f/p - ice beast
Aim: an ice beast (56% to hit)
You throw a boomerang of dispersal.
The boomerang of dispersal closely misses the ice beast.
The ice beast hits you. The ice beast freezes you!
* * * LOW HITPOINT WARNING * * *
Throw: 2 boomerangs (disperse)
Press: ? - help, Q - select action, (/) - cycle Shift-Dir - straight line, f/p - ice beast
Aim: an ice beast (56% to hit)
You throw a boomerang of dispersal.
The boomerang of dispersal hits the ice beast but does no damage.
The ice beast hits you but does no damage.
The ice beast barely misses you.
It was a potion of cancellation.
You feel magically purged. The ice beast hits you.
* * * LOW HITPOINT WARNING * * *
The ice beast freezes you!
You die...

# #.###...........# #
#.............#.#
###..#..#..####.#.##
....................
.....#..#..####.#.##
.....#..#..# #.#.# # .
.....#..#†.####.#.##.#...
.....#..#..#....#Y.......
........#..#....@........
.....#<.#..#...#####.###.
.†...............#
.#.#.#.###.#####.#
.#.....# #.# .# .#.#.#.#
#.# # ##.#.#.# #.#
...#.#.# #.. ####.#.# ..#


You could see an ice beast.

Vanquished Creatures
  3 adders (D:2)
  4 worms (D:2)
  4 dart slugs
  7 bats
  3 endoplasms
  3 giant cockroaches (D:2)
  2 goblins
  3 hobgoblins
  3 jackals (D:1)
  4 kobolds
  2 quokkas (D:2)
  6 ball pythons
  2 frilled lizards
  7 rats
53 creatures vanquished.

Vanquished Creatures (others)
  2 plants (D:1)
2 creatures vanquished.

Grand Total: 55 creatures vanquished

Notes
Turn   | Place    | Note
-------+----------+-------------------------------------------
     0 | D:1      | ASSMAN the Barachi Warper began the quest for the Orb.
     0 | D:1      | Reached XP level 1. HP: 17/17 MP: 3/3
    87 | D:1      | Reached skill level 3 in Long Blades
   101 | D:1      | Reached XP level 2. HP: 4/23 MP: 5/5
   588 | D:1      | Reached skill level 4 in Long Blades
  1312 | D:1      | Found a faded altar of an unknown god.
  1409 | D:2      | Reached XP level 3. HP: 24/28 MP: 6/6
  1602 | D:2      | Reached skill level 5 in Long Blades
  1690 | D:2      | Reached XP level 4. HP: 32/34 MP: 7/7
  1731 | D:2      | Found Yddiat's Weapon Boutique.
  2053 | D:2      | Found Roshri Adodas's Antique Armour Shoppe.
  2520 | D:3      | Noticed an ice beast
  2529 | D:3      | Mangled by an ice beast

Illustrated notes

Levels and vault maps discovered:
D:1:      psy_arrival_statuary, layout_loops_corners, serial_forest,
          infiniplex_forest_straight_2, infiniplex_forest_corner_1,
          infiniplex_forest_lined_corner, infiniplex_forest_end_3,
          infiniplex_forest_pool, infiniplex_forest_lined_2,
          infiniplex_forest_straight_2,
          shapermc_ecumenical_altar_mp_urbaneastern, minmay_tetromino_i2
D:2:      layout_rooms, serial_shops, nicolae_shop_hallway_plus,
          nicolae_shop_bloodbath_and_beyond, st_stairs_1, minmay_circle_x
D:3:      layout_basic, uniq_sigmund

Skill      XL: |  1  2  3 |
---------------+----------+-----
Long Blades    | 3 4 5 |  5.7
Fighting       | |  2.4
Throwing       | |  1.0
Armour         | |  1.2
Dodging        | |  2.1
Spellcasting   | |  2.1
Translocations | |  3.2

Action                     |  1- 3 |  4- 6 || total
---------------------------+-------+-------++-------
  Melee: Falchion          |   131 |   103 ||   234
         Punch             |     3 |     2 ||     5
  Throw: Boomerang         |       |     6 ||     6
Ability: Hop               |     1 |       ||     1
    Use: Potion            |     2 |     1 ||     3
 Armour: Leather armour    |    31 |    50 ||    81
  Dodge: Dodged            |    96 |    97 ||   193

Table legend: (Time is in decaauts)
 A = Elapsed time spent in this place.
 B = Non-inter-level travel time spent in this place.
 C = Inter-level travel time spent in this place.
 D = Time resting spent in this place.
 E = Time spent auto-exploring this place.
 F = Levels seen in this place.
 G = Mean time per level.
                   A        B        C        D        E       F      G
               +--------+--------+--------+--------+--------+-----+--------+
         Total |   2889 |   2828 |     61 |     87 |   2261 |   3 |  963.0 |
       Dungeon |   2889 |   2828 |     61 |     87 |   2261 |   3 |  963.0 |
               +--------+--------+--------+--------+--------+-----+--------+

Top non-repeatable levels by time:
     D:1: 1605 daAuts
     D:2: 892 daAuts
     D:3: 391 daAuts
